 Dungeon Crawl Stone Soup version 0.30-a0-847-g17996783a1 (webtiles) character file.

Game seed: 1782564705901999585

63 Racksonjoss101 the Firebug (level 3, 0/24 HPs)
             Began as a Demonspawn Fire Elementalist on Mar 3, 2023.
             Slain by a goblin
             ... wielding a +0 club
             ... led by Robin
              (5 damage)
             ... on level 2 of the Dungeon.
             The game lasted 00:14:39 (1914 turns).

Racksonjoss101 the Firebug (DsFE)                   Turns: 1914, Time: 00:14:39

Health: 0/24       AC:  7    Str:  8    XL:     3   Next: 89%
Magic:  0/6        EV: 10    Int: 22    God:
Gold:   128        SH:  0    Dex: 13    Spells: 5/6 levels left

rFire   . . .      SeeInvis .    l - +0 falchion
rCold   . . .      Faith    .    (no shield)
rNeg    . . .      Spirit   .    n - +0 ring mail "Qauxkix" {Int+4}
rPois   +          Reflect  .    (no helmet)
rElec   .          Rampage  .    (no cloak)
rCorr   .                        (no gloves)
Will    .....                    (no boots)
Stlth   +                        (no amulet)
HPRegen 0.24/turn                s - ring of poison resistance
MPRegen 0.10/turn                (no ring)

@: no status effects
A: slimy green scales 1
a: no special abilities


You were on level 2 of the Dungeon.
You visited 1 branch of the dungeon, and saw 2 of its levels.

You collected 128 gold pieces.

Inventory:

Hand Weapons
 e - a +0 club
 g - a +0 dagger
 h - a +0 short sword
 j - a +0 dagger
 l - a +0 falchion (weapon)
 o - a +0 short sword
 t - a +0 dagger
Missiles
 d - 44 stones
 u - 4 poisoned darts
Armour
 a - a +1 robe
 f - a +0 chain mail
 i - a +0 kite shield
 k - a +0 chain mail
 m - a +0 leather armour
 n - the +0 ring mail "Qauxkix" (worn) {Int+4}
   (You found it on level 2 of the Dungeon)

   Int:       It affects your intelligence (+4).
 p - a +0 scale mail
 q - a +0 chain mail
 v - a +0 leather armour
 y - a +0 scale mail
Jewellery
 s - a ring of poison resistance (left hand)
Potions
 b - a potion of magic
 r - 2 potions of heal wounds {unknown}


   Skills:
 + Level 0.2 Fighting
 + Level 1.0 Long Blades
 + Level 0.2 Armour
 + Level 2.0 Dodging
 + Level 1.9 Stealth
 + Level 2.4 Spellcasting
 + Level 1.3 Conjurations
 + Level 3.4 Fire Magic


You had 5 spell levels left.
You knew the following spells:

 Your Spells              Type           Power      Damage    Failure   Level
a - Foxfire               Conj/Fire      52%        2x1d6     16%         1

Your spell library contained the following spells:

 Spells                   Type           Power      Damage    Failure   Level
 Scorch                   Fire           34%        2d7       16%         2
 Inner Flame              Hex/Fire       10%        N/A       52%         3
 Kindle Blastsparks       Fire/Tloc/Air  14%        2d11      58%         3
 Flame Wave               Conj/Fire      13%        2d6       83%         4


Dungeon Overview and Level Annotations

Branches:
Dungeon (2/15)

Altars:

Shops:
D:2 [

Annotations:
D:2 Robin


Innate Abilities, Weirdness & Mutations

You are partially covered in slimy green scales. (AC +2)


Message History

The foxfire hits the goblin.
The goblin is severely wounded.
The foxfire hits the goblin.
The goblin is moderately wounded.
The goblin barely misses you. The goblin attacks as you move away!
The goblin hits you but does no damage.
The goblin no longer looks unusually strong. x2
You barely miss the goblin.
The goblin is severely wounded.
The gnoll hits you but does no damage. The goblin barely misses you.
Robin throws the goblin at you! The goblin hits you but does no damage.
The gnoll hits you from afar with a +0 spear.
You closely miss the goblin.
The goblin is severely wounded.
The goblin unwields a +0 sling.
The goblin wields a +0 club.
The goblin barely misses you.
The gnoll hits you from afar with a +0 spear.
Robin roars a battlecry!
The goblins go into a battle-frenzy!
The goblin closely misses you.
You hit the goblin.
The goblin is severely wounded.
The goblin completely misses you. The gnoll hits you but does no damage.
The goblin barely misses you. The goblin hits you but does no damage.
The gnoll completely misses you. The goblin hits you but does no damage.
The goblin hits you but does no damage. Robin throws the goblin at you!
The goblin hits you with a +0 club.
You barely miss the goblin.
The goblin is severely wounded.
The goblin closely misses you. The goblin hits you but does no damage.
A goblin comes into view. It is wielding a +0 dagger.
The goblin hits you but does no damage.
Casting: Foxfire (safe; 16% risk of failure)
Confirm with . or Enter, or press ? or * to list all spells.
You conjure some foxfire!
The gnoll hits you from afar with a +0 spear!
* * * LOW HITPOINT WARNING * * *
The goblin hits you with a +0 club.
You die...

.#####g##.###.##.....###.....#**,
.........g###.#.......#...)...#,,
.####.###.#g..#.......#.......#,,
## #.# #.)...#.......#...$...#,,
#####.# #..##.##.....###.....##*,
#.....###......##...## **,,,** **
#.####..........#################
#.# #.#####.##ggv...............
#.####.# #..gv@g...............
.....#.# #################.####
..##.#.# #..........##≈ ..##.#.#
######..........##≈ ####.#.#
#..............†##≈ ##.#.#
#.###.##.########## #....# #.#
#.##.# ##### ###########
#.###.##.# #.... ##.........#
#........# #....


You could see Robin, a gnoll (ally target) and 3 goblins.

Vanquished Creatures
  An adder (D:2)
  A worm (D:2)
  7 endoplasms
  A giant cockroach (D:1)
  8 goblins
  6 hobgoblins
  4 kobolds
  3 quokkas
  3 ball pythons
  6 bats
  4 frilled lizards
  4 rats
48 creatures vanquished.

Vanquished Creatures (others)
  115 foxfires
115 creatures vanquished.

Grand Total: 163 creatures vanquished

Notes
Turn   | Place    | Note
-------+----------+-------------------------------------------
     0 | D:1      | Racksonjoss101 the Demonspawn Fire Elementalist began the
                  | quest for the Orb.
     0 | D:1      | Reached XP level 1. HP: 13/13 MP: 3/3
   226 | D:1      | Reached skill level 3 in Fire Magic
   265 | D:1      | Gained mutation: You are partially covered in slimy green
                  | scales. (AC +2) [demonic ancestry]
   265 | D:1      | Reached XP level 2. HP: 19/19 MP: 1/5
  1014 | D:2      | Reached XP level 3. HP: 20/24 MP: 0/6
  1202 | D:2      | Identified the +0 ring mail "Qauxkix" {Int+4}
  1424 | D:2      | Found Jibbod's Antique Armour Shop.
  1823 | D:2      | Reached skill level 1 in Long Blades
  1849 | D:2      | Noticed Robin
  1914 | D:2      | Slain by a goblin

Illustrated notes

Levels and vault maps discovered:
D:1:      lightli_molten_gateway, layout_rooms, st_stairs_3,
          hangedman_decor_growths
D:2:      kennysheep_six_static_rooms, layout_basic, serial_shops,
          nicolae_shop_waterfront, minmay_crystal_room, uniq_robin

Skill      XL: |  1  2  3 |
---------------+----------+-----
Fire Magic     | 3 |  3.4
Dodging        | 2 |  2.0
Long Blades    | 1 |  1.0
Fighting       | |  0.2
Armour         | |  0.2
Stealth        | |  1.9
Spellcasting   | |  2.4
Conjurations   | |  1.3

Action                     || total
---------------------------++-------
  Melee: Unarmed           ||    11
         Club              ||     4
         Falchion          ||    22
   Cast: Foxfire           ||    81
    Use: Scroll            ||     7
         Potion            ||     1
 Armour: Robe              ||    30
         Ring mail         ||    36
  Dodge: Dodged            ||    73

Table legend: (Time is in decaauts)
 A = Elapsed time spent in this place.
 B = Non-inter-level travel time spent in this place.
 C = Inter-level travel time spent in this place.
 D = Time resting spent in this place.
 E = Time spent auto-exploring this place.
 F = Levels seen in this place.
 G = Mean time per level.
                   A        B        C        D        E       F      G
               +--------+--------+--------+--------+--------+-----+--------+
         Total |   1919 |   1843 |     76 |     63 |      9 |   2 |  959.5 |
       Dungeon |   1919 |   1843 |     76 |     63 |      9 |   2 |  959.5 |
               +--------+--------+--------+--------+--------+-----+--------+

Top non-repeatable levels by time:
     D:2: 1138 daAuts
     D:1: 780 daAuts
